 Seeded DCSS version 0.29-a0-813-g4a14ea3 (webtiles) character file.

Game seed: 9102593981248656609 (custom seed)

91 Geeful the Slasher (level 4, 0/40 HPs)
             Began as a Naga Gladiator on July 4, 2022.
             Slain by an orc
             ... wielding a +0 flail
              (4 damage)
             ... on level 3 of the Dungeon.
             The game lasted 00:07:05 (2621 turns).

Geeful the Slasher (Naga Gladiator)                 Turns: 2621, Time: 00:07:06

Health: 0/40       AC:  5    Str: 18    XL:     4   Next: 57%
Magic:  4/4        EV: 10    Int:  8    God:
Gold:   121        SH:  0    Dex: 13    Spells: 3/3 levels left

rFire   . . .      SeeInvis +   a - +1 long sword (drain)
rCold   . . .      Faith    .   (no shield)
rNeg    . . .      Spirit   .   b - +0 leather armour
rPois   +          Reflect  .   c - +1 helmet
rElec   .          Harm     .   (no cloak)
rCorr   .          Rampage  .   (no gloves)
Will    .....                   (no barding)
Stlth   ++........              (no amulet)
HPRegen 0.13/turn               (no ring)
MPRegen 0.09/turn               (no ring)

@: short of breath, very slow
A: AC +1, large, see invisible, deformed body, poison resistance, slowness 2,
spit poison 1, naga tail 1
a: Spit Poison


You were on level 3 of the Dungeon.
You visited 1 branch of the dungeon, and saw 3 of its levels.

You collected 121 gold pieces.

Inventory:

Hand Weapons
 a - a +1 long sword of draining (weapon)
 m - a +0 trident
 u - the +2 dagger of Superiority {distort, Drain rC+ Dex+4}
   (You found it on level 2 of the Dungeon)

   It warps and distorts space around it, and may blink, banish, or inflict
   extra damage upon those it strikes.
   Unwielding it can cause banishment or high damage.
   Dex:       It affects your dexterity (+4).
   rC:        It protects you from cold.
   Drain:     It drains your maximum health when unequipped.
Missiles
 d - 3 throwing nets (quivered)
 e - a javelin
Armour
 b - a +0 leather armour (worn)
 c - a +1 helmet (worn)
 o - a +0 ring mail
 s - a +0 plate armour
Jewellery
 l - an amulet of magic regeneration
Scrolls
 f - a scroll of enchant weapon
 h - a scroll of identify
 i - 3 scrolls of teleportation
 k - a scroll of enchant armour
 p - a scroll of magic mapping {unknown}
 r - a scroll of fog {unknown}
 v - a scroll of brand weapon
 x - a scroll of acquirement {unknown}
Potions
 g - 2 potions of lignification
 j - 2 potions of resistance
 n - a potion of heal wounds {unknown}
 q - a potion of brilliance {unknown}
 t - a potion of invisibility {unknown}
 w - a potion of haste {unknown}


   Skills:
 + Level 2.8 Fighting
 + Level 3.3 Long Blades
 - Level 1.7 Throwing
 + Level 1.1 Armour
 + Level 3.0 Dodging
 + Level 2.8 Stealth


You had 3 spell levels left.
You didn't know any spells.
Your spell library was empty.

Dungeon Overview and Level Annotations

Branches:
Dungeon (3/15)

Altars:


Innate Abilities, Weirdness & Mutations

Your serpentine skin is tough. (AC +1)
You have supernaturally acute eyesight. (SInv)
Armour fits poorly on your strangely shaped body.
Your system is resistant to poisons. (rPois)
You cover ground very slowly.
You can spit poison.
You have a snake-like lower body.


Message History

The giant cockroach barely misses you.
You barely miss the giant cockroach. You punch the giant cockroach.
You kill the giant cockroach!
You see here a giant cockroach corpse.
There is a stone staircase leading down here.
An orc comes into view. It is wielding a +0 flail.
The orc moves out of view.
The kobold shouts!
The orc shouts!
You hear a shout! x2
An orc priest comes into view. It is wielding a +0 morningstar.
The orc priest shouts!
An orc comes into view. It is wielding a +0 whip.
The kobold hits you with a +0 short sword.
You hit the orc but do no damage. You drain the orc.
The orc is moderately wounded.
The orc hits you with a +0 flail! The kobold hits you but does no damage.
Aiming: Spit Poison (1% risk of failure)
Press: ? - help, Shift-Dir - straight line, f - orc priest
Aim: an orc priest, wielding a +0 morningstar (59% to hit)
The splash of poison hits the kobold but does no damage.
The kobold is poisoned.
The kobold barely misses you.
The orc priest looks satisfied for a moment.
You hit the kobold.
You kill the kobold!
The orc hits you but does no damage. The orc hits you but does no damage.
The orc priest hits you with a +0 morningstar!
The orc hits you with a +0 whip. The orc hits you with a +0 flail.
You see here a +0 short sword.
You closely miss the orc priest. The orc hits you with a +0 whip.
The orc hits you with a +0 flail.
* * * LOW HITPOINT WARNING * * *
The orc priest hits you with a +0 morningstar.
* * * LOW HITPOINT WARNING * * *
You slash the orc priest!
The orc priest is severely wounded.
The orc hits you but does no damage.
The orc priest hits you with a +0 morningstar.
* * * LOW HITPOINT WARNING * * *
The orc hits you with a +0 flail.
You die...

..# ##'#............# ..#
#..).##..######.# ..#
#...<....######'##### ..#
#....#............... ..#
##'#.#............... ..#
#.#)#...............
..#####'#.##.#............
...)...........o..........
..........##....@o........
..†.)......#.#...o........
##########.#.#............
### #...###+######### ..#
##..# ..# #..# ..#
######.>######## ..#
#..............# ..#
#.........####.#


You could see an orc priest and 2 orcs.

Vanquished Creatures
  3 adders (D:3)
  A worm (D:2)
  A dart slug (D:1)
  2 orcs (D:3)
  4 ball pythons
  6 endoplasms
  7 giant cockroaches
  2 goblins
  5 hobgoblins
  5 kobolds
  4 quokkas
  5 bats
  5 frilled lizards
  3 rats
53 creatures vanquished.

Notes
Turn   | Place    | Note
-------+----------+-------------------------------------------
     0 | D:1      | Geeful the Naga Gladiator began the quest for the Orb.
     0 | D:1      | Reached XP level 1. HP: 19/19 MP: 1/1
   131 | D:1      | Reached skill level 1 in Stealth
   131 | D:1      | Reached XP level 2. HP: 11/26 MP: 2/2
  1195 | D:2      | Reached XP level 3. HP: 30/33 MP: 3/3
  1907 | D:2      | Identified the +2 dagger of Superiority {distort, Drain rC+
                  | Dex+4}
  2198 | D:3      | Reached skill level 1 in Armour
  2198 | D:3      | Reached XP level 4. HP: 39/40 MP: 4/4
  2621 | D:3      | Slain by an orc

Illustrated notes

Levels and vault maps discovered:
D:1:      tarquinn_simple_flora_water_c, layout_basic
D:2:      layout_basic
D:3:      layout_basic

Skill      XL: |  1  2  3  4 |
---------------+-------------+-----
Stealth        | 1 2 |  2.8
Armour         | 1 |  1.1
Dodging        | 3 |  3.0
Fighting       | |  2.8
Long Blades    | |  3.3
Throwing       | |  1.7

Action                   |  1- 3 |  4- 6 || total
-------------------------+-------+-------++-------
Melee: Long sword        |    91 |    28 ||   119
       Punch             |     3 |     1 ||     4
 Abil: Spit Poison       |     2 |     1 ||     3
  Use: Scroll            |     5 |       ||     5
 Stab: Sleeping          |     4 |     1 ||     5
Armor: Leather armour    |    26 |    12 ||    38
       Ring mail         |    14 |       ||    14
Dodge: Dodged            |    53 |    11 ||    64

Table legend: (Time is in decaauts)
 A = Elapsed time spent in this place.
 B = Non-inter-level travel time spent in this place.
 C = Inter-level travel time spent in this place.
 D = Time resting spent in this place.
 E = Time spent auto-exploring this place.
 F = Levels seen in this place.
 G = Mean time per level.
                   A        B        C        D        E       F      G
               +--------+--------+--------+--------+--------+-----+--------+
         Total |   3291 |   3199 |     92 |     79 |   2580 |   3 | 1097.0 |
       Dungeon |   3291 |   3199 |     92 |     79 |   2580 |   3 | 1097.0 |
               +--------+--------+--------+--------+--------+-----+--------+

Top non-repeatable levels by time:
     D:1: 1424 daAuts
     D:2: 1281 daAuts
     D:3: 586 daAuts
